 Dungeon Crawl Stone Soup version 0.17.2-1-ge4368a0 (webtiles) character file.

1173 ololoev the Chopper (level 8, -6/56 HPs)
             Began as a Demonspawn Fighter on Oct 26, 2016.
             Mangled by a gnoll sergeant
             ... wielding a +0 halberd
              (13 damage)
             ... in a bailey.
             The game lasted 00:08:57 (1192 turns).

ololoev the Chopper (Demonspawn Fighter)            Turns: 1192, Time: 00:08:57

Health: -6/56      AC: 14    Str: 18    XL:     8   Next: 18%
Magic:  8/8        EV:  5    Int:  9    God:
Gold:   80         SH:  0    Dex: 14    Spells: 0 memorised, 7 levels left

rFire  . . .     SeeInvis .     a - +0 war axe
rCold  . . .     Clarity  .     n - +0 plate armour
rNeg   . . .     SustAt   .     (no shield)
rPois  .         Gourm    .     (no helmet)
rElec  +         Spirit   .     (no cloak)
rCorr  .         Warding  .     (no gloves)
rMut   .         Stasis   .     (no boots)
MR     .....                    (no amulet)
Stlth  ..........               (no ring)
                                g - +1 ring of slaying

@: confused, not resistant to hostile enchantments, extremely unstealthy
A: claws 1, yellow scales 1, frail 1, nightstalker 1, powered by death 1,
electricity resistance, subdued magic 1
a: no special abilities


Innate Abilities, Weirdness & Mutations

You have sharp fingernails.
You are partially covered in yellow scales (AC +2).
You are slightly more attuned to the shadows.
You regenerate a little health from kills.
You are frail (-10% HP).
You are resistant to electric shocks.
Your spells are a little easier to cast, but a little less powerful.

Inventory:

Hand Weapons
 a - a +0 war axe (weapon)
Armour
 n - a +0 plate armour (worn)
Jewellery
 g - a +1 ring of slaying (left claw)
Scrolls
 b - a scroll of summoning {unknown}
 d - a scroll of fog {unknown}
 k - 2 scrolls of blinking
 l - a scroll of magic mapping
 p - a scroll of fear {unknown}
 r - a scroll of noise {unknown}
Potions
 c - 5 potions of heal wounds
 f - 2 potions of flight
 i - 8 potions of curing
 s - a potion of degeneration {unknown}
Comestibles
 e - a bread ration
 m - 4 chunks of flesh
 q - a meat ration


   Skills:
 + Level 5.4 Fighting
 * Level 6.8 Axes
 + Level 5.0 Armour
   Level 2.6 Shields


You had 7 spell levels left.
You didn't know any spells.
You were in a bailey. You were not hungry. You visited 1 branch of the dungeon, and saw 7 of its levels. You also visited: Sewer and Bailey. You collected 80 gold pieces. ♣.≈..# ♣♣.≈..# ♣♣..≈..# ♣...≈..# #### ♣...≈..# #...# ♣♣...≈..######..... #♣♣♣....)..'g@g#g..$.. #∩..∩......'.ggg)..8.. #♣♣♣....)..'...#...$.. ♣♣...≈..######..... ♣♣..≈..# #...# ♣..≈..# #### ♣..≈..# ♣♣.≈..# ♣.≈..#

Notes
Turn   | Place    | Note
--------------------------------------------------------------
     0 | D:1      | ololoev the Demonspawn Fighter began the quest for the Orb.
     0 | D:1      | Reached XP level 1. HP: 18/18 MP: 1/1
   112 | D:2      | Found a basalt altar of Yredelemnul.
   117 | D:2      | Found a glowing golden altar of the Shining One.
   119 | D:2      | Gained mutation: You regenerate a little health from kills. [demonic ancestry]
   119 | D:2      | Reached XP level 2. HP: 9/24 MP: 2/2
   191 | D:2      | Gained mutation: You are slightly more attuned to the shadows. [demonic ancestry]
   191 | D:2      | Reached XP level 3. HP: 20/29 MP: 3/3
   319 | D:3      | Reached XP level 4. HP: 30/35 MP: 4/4
   348 | D:3      | Found a glowing drain.
   363 | Sewer    | Entered a sewer
   508 | Sewer    | Reached XP level 5. HP: 24/42 MP: 5/5
   598 | Sewer    | Reached skill level 4 in Axes
   730 | Sewer    | Noticed a giant frog
   730 | Sewer    | Noticed a giant frog
   736 | Sewer    | Killed a giant frog
   736 | Sewer    | Gained mutation: You have sharp fingernails. [demonic ancestry]
   736 | Sewer    | Reached XP level 6. HP: 20/48 MP: 6/6
   737 | Sewer    | Killed a giant frog
   792 | D:4      | Reached skill level 5 in Axes
   801 | D:4      | Noticed an ogre
   811 | D:4      | Killed an ogre
   811 | D:4      | Reached XP level 7. HP: 8/55 MP: 7/7
   834 | D:4      | Found a bloodstained altar of Trog.
   838 | D:4      | Found a sacrificial altar of Ru.
   921 | D:5      | Entered Level 5 of the Dungeon
  1029 | D:7      | Noticed ololoev's ghost (amateur DsFi)
  1033 | D:7      | HP: 2/55 [orc warrior/mace (10)]
  1042 | D:7      | Reached skill level 6 in Axes
  1048 | D:7      | Killed ololoev's ghost
  1048 | D:7      | Reached skill level 5 in Fighting
  1076 | D:7      | Found a white marble altar of Elyvilon.
  1076 | D:7      | Found an opulent altar of Gozag.
  1105 | D:7      | Found a flagged portal.
  1123 | D:7      | Gained mutation: You are partially covered in yellow scales (AC +2). [demonic ancestry]
  1123 | D:7      | Reached XP level 8. HP: 50/62 MP: 8/8
  1133 | Bailey   | Entered a bailey
  1140 | Bailey   | Reached skill level 5 in Armour
  1185 | Bailey   | Gained mutation: You are frail (-10% HP). [potion of mutation]
  1185 | Bailey   | Gained mutation: You are resistant to electric shocks. [potion of mutation]
  1185 | Bailey   | Gained mutation: Your spells are a little easier to cast, but a little less powerful. [potion of mutation]
  1192 | Bailey   | Mangled by a gnoll sergeant

Dungeon Overview and Level Annotations

Branches:
Dungeon (7/15)
 Temple: D:4-7

Altars:
Elyvilon
Gozag
Ru
Trog
Yredelemnul
The Shining One


Message History

Unknown command.
The gnoll barely misses you. The gnoll sergeant barely misses you.
The gnoll completely misses you. The gnoll barely misses you.
The gnoll hits you but does no damage.
The gnoll sergeant hits you with a halberd!
The gnoll hits you with a trident.
The gnoll sergeant hits you with a halberd!
Unknown command.
You hit the gnoll sergeant but do no damage.
You hit the gnoll.
The gnoll is lightly wounded.
You barely miss the gnoll. You slash the gnoll sergeant!
The gnoll sergeant is moderately wounded.
The gnoll hits you from afar with a trident.
The gnoll closely misses you. The gnoll hits you with a halberd.
The gnoll sergeant hits you but does no damage.
Unknown command.
Unknown command.
You're too confused to move!
The gnoll hits you with a trident.
The gnoll sergeant hits you with a halberd.
The gnoll hits you with a halberd.
Unknown command.
Unknown command.
Your plate armour prevents you from hitting the gnoll.
You hit the gnoll sergeant.
The gnoll sergeant is heavily wounded.
You closely miss the gnoll sergeant. You closely miss the gnoll.
The gnoll is lightly wounded.
The gnoll barely misses you.
The gnoll shaman hits you but does no damage.
The gnoll sergeant hits you but does no damage.
The gnoll sergeant hits you with a halberd.
The gnoll hits you with a trident. The gnoll hits you but does no damage.
Unknown command.
Unknown command.
You bump into the stone wall.
The gnoll hits you with a trident.
The gnoll sergeant hits you but does no damage.
The gnoll shaman hits you from afar with a halberd.
The gnoll sergeant hits you with a halberd!
You die...

You could see 2 gnoll sergeants, a gnoll shaman and 2 gnolls.

Vanquished Creatures
  The ghost of ololoev the Chopper, an amateur DsFi (D:7)
  An orc warrior (D:7)
  2 ogres
  2 giant frogs (Sewer)
  A jelly (D:7)
  2 worker ants (D:4)
  4 hounds
  2 iguanas (D:4)
  An orc wizard (D:7)
  A worker ant zombie (D:7)
  5 gnolls
  6 river rats
  12 adders
  An ooze (Sewer)
  3 worms
  3 giant geckos
  8 orcs
  11 ball pythons
  2 giant cockroaches
  5 goblins
  3 hobgoblins
  3 bats
  3 giant newts (Sewer)
  A quokka skeleton (D:4)
  24 rats
107 creatures vanquished.

Action                   |  1- 3 |  4- 6 |  7- 9 || total
-------------------------+-------+-------+-------++-------
Melee: War axe           |    70 |   142 |    83 ||   295
  Use: Potion            |       |     1 |     4 ||     5
       Scroll            |       |       |     7 ||     7
 Stab: Sleeping          |       |     1 |       ||     1
  Eat: Chunk             |       |     1 |     1 ||     2

Vault maps used:
D:1:      onia_arrival_mini_spirals
D:2:      grunt_temple_overflow_holy_war
D:3:      xom_redecorated, first_bread, portal_sewer_entry_b
D:4:      grunt_temple_overflow_open, st_stairs_10,
          corexii_mini_fake_secret_closet, dk_rats_in_the_wall
D:5:      serial_shops, shop, uniq_duvessa
D:6:      grunt_dithmenos_smoke, kennysheep_little_box,
          minmay_temple_entry_nine_rooms
D:7:      nicolae_overflow_hidden_temple, enter_bailey_3, the_bakery, uniq_pikel
Sewer:    sewer_minmay_w
Bailey:   bailey_polearm_gnolls_kennysheep, bailey
